 Dungeon Crawl Stone Soup version 0.31-a0-819-gf6de2f5ab6 (webtiles) character file.

Game seed: 6786231092395746287

63 qw the Shooter (level 4, -2/27 HPs)
             Began as a Gargoyle Hunter on Sept 23, 2023.
             Killed from afar by Sigmund (4 damage)
             ... with a magic dart
             ... on level 2 of the Dungeon.
             The game lasted 00:00:26 (1018 turns).

qw the Shooter (Gargoyle Hunter)                    Turns: 1018, Time: 00:00:27

Health: -2/27      AC:  9    Str: 14    XL:     4   Next: 10%
Magic:  4/4        EV: 11    Int: 10    God:
Gold:   42         SH:  0    Dex: 15    Spells: 3/3 levels left

rFire   . . .        Y - +0 shortbow
rCold   . . .        (shield currently unavailable)
rNeg    + . .        k - +0 ring mail
rPois   inf          (no helmet)
rElec   +            (no cloak)
rCorr   .            (no gloves)
SInv    .            (no boots)
Will    .....        (no amulet)
Stlth   +            (no ring)
HPRegen 0.24/turn    (no ring)
MPRegen 0.09/turn

%: no passive effects
@: no status effects
A: sickness immunity, AC +3, negative energy resistance 1, electricity
resistance, torment resistance 1, petrification resistance
a: no special abilities


You were on level 2 of the Dungeon.
You visited 1 branch of the dungeon, and saw 2 of its levels.

You collected 42 gold pieces.


Innate Abilities, Weirdness & Mutations

You are immune to sickness and miasma.
Your stone body is resilient. (AC +3)
You are immune to poison.
You resist negative energy. (rN+)
You are resistant to electric shocks. (rElec)
You are resistant to unholy torment.
You are immune to petrification.


   Skills:
 + Level 2.4 Fighting
 - Level 5.0 Ranged Weapons
 - Level 2.1 Armour
 - Level 1.5 Dodging
 - Level 1.1 Stealth


You had 3 spell levels left.
You didn't know any spells.
Your spell library was empty.

Inventory:

Hand Weapons
 Y - a +0 shortbow (weapon)
Armour
 k - a +0 ring mail (worn)
Scrolls
 a - a scroll of silence {unknown}
 b - a scroll of identify {unknown}
Potions
 d - a potion of enlightenment
 f - a potion of cancellation {unknown}
 h - a potion of curing {unknown}

Dungeon Overview and Level Annotations

Branches:
Dungeon (2/15)

Altars:

Annotations:
D:2 Sigmund


Message History

1007 ||| FLEEEEING.
The hobgoblin shouts!
You hear some strange, mumbled words.
Something tries to affect you, but you resist.
You see here a hobgoblin corpse.
1008 ||| FLEEEEING.
You shoot an arrow.
You hear some strange, mumbled words.
A magic dart appears from out of thin air!
The magic dart hits you.
1009 ||| FLEEEEING.
You shoot an arrow.
You hear some strange, mumbled words.
A magic dart appears from out of thin air!
The magic dart hits you but does no damage.
1010 ||| FLEEEEING.
You shoot an arrow. Something hits you.
You shoot an arrow. The arrow hits the hobgoblin.
The hobgoblin is moderately wounded.
Something hits you.
You shoot an arrow. The arrow hits the hobgoblin.
The hobgoblin is almost dead.
Something hits you but does no damage. The hobgoblin closely misses you.
You shoot an arrow. The arrow hits the hobgoblin.
You kill the hobgoblin!
You hear some strange, mumbled words.
You are confused.
You shoot an arrow. Something hits you.
You shoot an arrow. Something hits you.
You shoot an arrow.
You hear some strange, mumbled words.
Something tries to affect you, but you resist.
You shoot an arrow.
You hear some strange, mumbled words.
Something tries to affect you, but you resist.
You shoot an arrow.
You feel less confused.
You hear some strange, mumbled words.
A magic dart appears from out of thin air!
The magic dart hits you.
You die...

.............# #....
.........######
....!###..............#
......................#
......................#
...........>..........#
........###...........#
.?....{%# #...........#
.......@###.#......####
....###.....######.# .
#.##########.#
#.#..........#
#.##.######### #.##.#
#....# ######


There were no monsters in sight!

Vanquished Creatures
  Jessica (D:2)
  4 endoplasms (D:1)
  3 goblins
  7 hobgoblins
  4 jackals (D:1)
  A quokka (D:2)
  2 ball pythons
  5 bats
  2 frilled lizards
  A kobold (D:1)
  2 rats (D:2)
32 creatures vanquished.

Notes
Turn   | Place    | Note
-------+----------+-------------------------------------------
     0 | D:1      | qw the Gargoyle Hunter began the quest for the Orb.
     0 | D:1      | Reached XP level 1. HP: 12/12 MP: 1/1
     0 | D:1      | 0 ||| qw: Version: 0.3-a-83-gcd0e7d8
     0 | D:1      | 0 ||| qw: Game counter: 1504
     0 | D:1      | 0 ||| qw: Melee chars always use a shield: true
     0 | D:1      | 0 ||| qw: God list: Okawaru
     0 | D:1      | 0 ||| qw: Allow faded altars: false
     0 | D:1      | 0 ||| qw: Do Orc after clearing Dungeon:15 true
     0 | D:1      | 0 ||| qw: Do second Lair branch before Depths: true
     0 | D:1      | 0 ||| qw: Lair rune preference: random
     0 | D:1      | 0 ||| qw: Goals: Normal
     0 | D:1      | 0 ||| PLANNING D:1-11
   132 | D:1      | Reached XP level 2. HP: 11/17 MP: 2/2
   502 | D:1      | Reached XP level 3. HP: 17/21 MP: 3/3
   692 | D:1      | 692 ||| UPGRADING to +0 ring mail.
   702 | D:1      | 702 ||| DROPPING +0 leather armour.
   704 | D:1      | 704 ||| READING scroll labelled WOEHOMP XIYNN.
   722 | D:1      | 722 ||| READING scroll labelled ESIULU FIJIDU.
   723 | D:1      | 723 ||| READING scroll labelled ROISEO IFEK.
   724 | D:1      | 724 ||| READING scroll labelled IXEDIULEQE.
   727 | D:1      | 727 ||| READING scroll labelled RISHIOSCHUA.
   728 | D:1      | 728 ||| DRINKING 2 murky white potions.
   729 | D:1      | 729 ||| DROPPING scroll of butterflies.
   810 | D:2      | Noticed Jessica
   816 | D:2      | Killed Jessica
   875 | D:2      | Reached skill level 5 in Ranged Weapons
   875 | D:2      | Reached XP level 4. HP: 26/26 MP: 4/4
   994 | D:2      | Noticed Sigmund
  1007 | D:2      | 1007 ||| FLEEEEING.
  1008 | D:2      | 1008 ||| FLEEEEING.
  1009 | D:2      | 1009 ||| FLEEEEING.
  1010 | D:2      | 1010 ||| FLEEEEING.
  1015 | D:2      | HP: 1/27 [something (6)]
  1018 | D:2      | Killed from afar by Sigmund

Levels and vault maps discovered:
D:1:      lightli_molten_gateway, layout_loops_ring
D:2:      layout_basic, hex_large, uniq_jessica, uniq_sigmund

Skill      XL: |  1  2  3 |
---------------+----------+-----
Armour         | 2 |  2.1
Ranged Weapons | 5 |  5.0
Fighting       | |  2.4
Dodging        | |  1.5
Stealth        | |  1.1

Action                     |  1- 3 |  4- 6 || total
---------------------------+-------+-------++-------
   Fire: Shortbow          |    75 |    28 ||   103
    Use: Scroll            |     5 |       ||     5
         Potion            |     1 |       ||     1
 Armour: Leather armour    |    11 |       ||    11
         Ring mail         |     1 |    15 ||    16
  Dodge: Dodged            |     9 |    10 ||    19

Table legend:
 A = Non-vault XP
 B = Vault XP
 C = Vault XP percentage of total XP
 D = Non-vault monster count
 E = Vault monster count
 F = Vault count percentage of total count
                 A         B        C        D         E       F
            +---------+---------+-------+---------+---------+-------
      Total |      54 |      37 |  40.7 |      31 |       1 |   3.1
            +---------+---------+-------+---------+---------+-------
        D:1 |      36 |       0 |   0.0 |      20 |       0 |   0.0
        D:2 |      18 |      37 |  67.3 |      11 |       1 |   8.3
            +---------+---------+-------+---------+---------+-------
